 Dungeon Crawl Stone Soup version 0.29-a0-563-g64e4043184 (webtiles) character file.

Game seed: 14290336486745879859

105 jlumianski the Covered (level 4, 0/29 HPs)
             Began as a Gargoyle Fighter on June 12, 2022.
             Slain by Sigmund
             ... wielding a +2 scythe of freezing
              (1 damage)
             ... on level 2 of the Dungeon.
             The game lasted 00:05:16 (1531 turns).

jlumianski the Covered (Gargoyle Fighter)           Turns: 1531, Time: 00:05:16

Health: 0/29       AC: 10    Str: 28    XL:     4   Next: 81%
Magic:  4/4        EV:  8    Int:  8    God:
Gold:   74         SH:  8    Dex:  9    Spells: 3/3 levels left

rFire   . . .      SeeInvis .   a - +0 war axe
rCold   . . .      Faith    .   j - +0 kite shield
rNeg    + . .      Spirit   .   b - +0 scale mail
rPois   ∞          Reflect  .   (no helmet)
rElec   +          Harm     .   (no cloak)
rCorr   .          Rampage  .   (no gloves)
Will    .....                   (no boots)
Stlth   ..........              (no amulet)
HPRegen 0.09/turn               m - +6 ring of strength
MPRegen 0.09/turn               (no ring)

@: mighty, attractive
A: sickness immunity, AC +3, negative energy resistance 1, electricity
resistance, torment resistance 1, petrification resistance
a: no special abilities


You were on level 2 of the Dungeon.
You visited 1 branch of the dungeon, and saw 2 of its levels.

You collected 74 gold pieces.

Inventory:

Hand Weapons
 a - a +0 war axe (weapon)
 p - the +3 dagger of the Fortifying Owl {speed, Fragile Int+6}
   (You found it on level 2 of the Dungeon)

   Attacks with this weapon are significantly faster.
   Int:       It affects your intelligence (+6).
   Fragile:   It will be destroyed if unequipped.
Missiles
 f - 13 stones
 l - 3 curare-tipped darts (quivered)
Armour
 b - a +0 scale mail (worn)
 c - a +0 buckler
 j - a +0 kite shield (worn)
 q - a +0 cloak
Jewellery
 m - a +6 ring of strength (left hand)
Scrolls
 e - a scroll of blinking {unknown}
 g - a scroll of vulnerability {unknown}
 h - a scroll of immolation {unknown}
 i - a scroll of noise {unknown}
 k - a scroll of identify {unknown}
 n - a scroll of fear {unknown}


   Skills:
 + Level 3.9 Fighting
 + Level 2.8 Axes
 + Level 4.1 Armour
 + Level 0.1 Dodging
 + Level 3.9 Shields


You had 3 spell levels left.
You didn't know any spells.
Your spell library was empty.

Dungeon Overview and Level Annotations

Branches:
Dungeon (2/15)

Altars:

Annotations:
D:2 Sigmund


Innate Abilities, Weirdness & Mutations

You are immune to sickness and miasma.
Your stone body is resilient. (AC +3)
You are immune to poison.
You resist negative energy. (rN+)
You are resistant to electric shocks. (rElec)
You are resistant to unholy torment.
You are immune to petrification.


Message History

You cannot move.
You cannot move.
You cannot move.
You cannot move.
You cannot move.
You cannot move.
You cannot move.
Unknown command.
You cannot move.
Cleave: a) +0 war axe
Press: ? - help, Dir - move target You hit something.
You hear some strange, mumbled words.
A magic dart appears from out of thin air!
The magic dart hits you.
The endoplasm hits you but does no damage.
Cleave: a) +0 war axe
Press: ? - help, Dir - move target, f - endoplasm
Aim: an endoplasm (about 17% to evade your +0 war axe)
Okay, then.
You slash the endoplasm!
You kill the endoplasm!
You miss something.
You hear some strange, mumbled words.
Something tries to affect you, but you resist.
Something hits you but does no damage.
Cleave: a) +0 war axe
Press: ? - help, Dir - move target You miss something.
You feel less wooden.
Your +0 scale mail unmelds from your body.
Something hits you.
* * * LOW HITPOINT WARNING * * *
Something freezes you.
* * * LOW HITPOINT WARNING * * *
You feel very mighty all of a sudden.
You closely miss something. Something hits you.
* * * LOW HITPOINT WARNING * * *
Something freezes you.
You die...

.#.#..##...#....#.###
.#.##....####...(.#
....#..... ##....#
.#........ #....#
.......... ##...#
###... #...### . ..
##>...# .. #{.#.#
#@.#.# ......)..# #
.>###...... ####...#
...# .... .....
#....#


There were no monsters in sight!

Vanquished Creatures
  Jessica (D:2)
  3 adders
  2 worms (D:1)
  A dart slug (D:2)
  3 ball pythons
  5 endoplasms
  A giant cockroach (D:1)
  3 hobgoblins
  4 jackals (D:2)
  3 kobolds
  4 quokkas
  2 bats (D:2)
  2 frilled lizards (D:1)
  4 goblins
  6 rats
44 creatures vanquished.

Notes
Turn   | Place    | Note
-------+----------+-------------------------------------------
     0 | D:1      | jlumianski the Gargoyle Fighter began the quest for the
                  | Orb.
     0 | D:1      | Reached XP level 1. HP: 14/14 MP: 1/1
   101 | D:1      | Reached XP level 2. HP: 13/19 MP: 2/2
   515 | D:2      | Reached XP level 3. HP: 22/23 MP: 3/3
  1288 | D:2      | Reached skill level 4 in Armour
  1313 | D:2      | Reached XP level 4. HP: 17/29 MP: 4/4
  1500 | D:2      | Identified the +3 dagger of the Fortifying Owl {speed,
                  | Fragile Int+6}
  1503 | D:2      | Noticed Sigmund
  1512 | D:2      | Noticed Jessica
  1517 | D:2      | Killed Jessica
  1531 | D:2      | HP: 1/29 [something (3)]
  1531 | D:2      | Slain by Sigmund

Illustrated notes

Levels and vault maps discovered:
D:1:      dpeg_arrival_radiant, layout_basic, hangedman_decor_riveting
D:2:      layout_rooms, minmay_misc_feat_five, uniq_sigmund, uniq_jessica

Skill      XL: |  1  2  3 |
---------------+----------+-----
Axes           | 2 |  2.8
Armour         | 4 |  4.1
Fighting       | |  3.9
Dodging        | |  0.1
Shields        | |  3.9

Action                   |  1- 3 |  4- 6 || total
-------------------------+-------+-------++-------
Melee: War axe           |    76 |    22 ||    98
Throw: Dart              |       |     3 ||     3
  Use: Potion            |       |     2 ||     2
Armor: Scale mail        |    51 |    11 ||    62
       Skin              |       |    17 ||    17
Dodge: Dodged            |    46 |     6 ||    52
Block: Buckler           |     7 |       ||     7
       Kite shield       |    15 |    19 ||    34

Table legend: (Time is in decaauts)
 A = Elapsed time spent in this place.
 B = Non-inter-level travel time spent in this place.
 C = Inter-level travel time spent in this place.
 D = Time resting spent in this place.
 E = Time spent auto-exploring this place.
 F = Levels seen in this place.
 G = Mean time per level.
                   A        B        C        D        E       F      G
               +--------+--------+--------+--------+--------+-----+--------+
         Total |   1585 |   1516 |     69 |     85 |    852 |   2 |  792.5 |
       Dungeon |   1585 |   1516 |     69 |     85 |    852 |   2 |  792.5 |
               +--------+--------+--------+--------+--------+-----+--------+

Top non-repeatable levels by time:
     D:1: 1262 daAuts
     D:2: 323 daAuts
